 Dungeon Crawl Stone Soup version 0.26.1-11-gd32895ea62 (webtiles) character file.

Game seed: 7360031798829277807

376 Elvor the Grasshopper (level 6, 0/51 HPs)
             Began as a Gnoll Warper on June 28, 2021.
             Slain by an orc
             ... wielding a +0 vorpal flail
              (1 damage)
             ... on level 3 of the Dungeon.
             The game lasted 00:23:31 (2129 turns).

Elvor the Grasshopper (Gnoll Warper)                Turns: 2129, Time: 00:23:31

Health: 0/51       AC:  4    Str: 16    XL:     6   Next: 73%
Magic:  14/14      EV: 14    Int: 15    God:
Gold:   97         SH:  0    Dex: 14    Spells: 8/15 levels left

rFire    . . .     SeeInvis .   a - +2 whip (vamp)
rCold    . . .     Faith    .   (no shield)
rNeg     . . .     Spirit   .   b - +0 leather armour
rPois    .         Reflect  .   f - +0 helmet
rElec    .         Harm     .   (no cloak)
rCorr    .         Rampage  .   (no gloves)
Will     .....                  (no boots)
Stlth    ++........             (no amulet)
HPRegen  0.17/turn              (no ring)
MPRegen  0.14/turn              (no ring)

@: no status effects
A: distributed training, fangs 1, strong nose
a: no special abilities


You were on level 3 of the Dungeon.
You visited 1 branch of the dungeon, and saw 3 of its levels.

You collected 97 gold pieces.

Inventory:

Hand Weapons
 a - a +2 vampiric whip (weapon)
 s - a +0 hunting sling
Missiles
 e - 5 boomerangs of dispersal
 i - 154 stones
 j - 3 boomerangs (quivered)
 p - 15 sling bullets
 v - a throwing net
Armour
 b - a +0 leather armour (worn)
 f - a +0 helmet (worn)
Magical Staves
 w - an uncursed staff of cold
Wands
 t - a wand of flame (35)
Scrolls
 c - 2 scrolls of enchant weapon {unknown}
 d - a scroll of blinking
 k - a scroll of magic mapping {unknown}
 q - 2 scrolls of teleportation {unknown}
 r - a scroll of identify {unknown}
Potions
 g - a potion of mutation {unknown}
 h - a potion of flight {unknown}
 l - a potion of haste {unknown}
 m - 2 potions of magic {unknown}
 n - a potion of brilliance {unknown}
 o - 3 potions of heal wounds {unknown}
 u - a potion of degeneration {unknown}


   Skills:
 + Level 5.0 Fighting
 + Level 2.1 Short Blades
 + Level 2.1 Long Blades
 + Level 2.1 Axes
 + Level 5.0 Maces & Flails
 + Level 2.1 Polearms
 + Level 2.1 Staves
 + Level 2.1 Slings
 + Level 2.1 Bows
 + Level 2.1 Crossbows
 + Level 3.3 Throwing
 + Level 3.3 Armour
 + Level 5.0 Dodging
 + Level 2.1 Stealth
 + Level 2.1 Shields
 + Level 2.1 Unarmed Combat
 + Level 5.4 Spellcasting
 + Level 1.6 Conjurations
 + Level 1.6 Hexes
 + Level 1.6 Summonings
 + Level 1.6 Necromancy
 + Level 5.7 Translocations
 + Level 1.6 Transmutations
 + Level 1.6 Fire Magic
 + Level 1.6 Ice Magic
 + Level 1.6 Air Magic
 + Level 1.6 Earth Magic
 + Level 1.6 Poison Magic
 + Level 2.3 Invocations
 + Level 2.1 Evocations


You had 8 spell levels left.
You knew the following spells:

 Your Spells              Type           Power        Failure   Level
a - Blink                 Tloc           N/A          2%          2
b - Passage of Golubria   Tloc           N/A          17%         4
c - Corona                Hex            10%          10%         1

Your spell library contained the following spells:

 Spells                   Type           Power        Failure   Level
 Gell's Gravitas          Tloc           10%          5%          3
 Lesser Beckoning         Tloc           10%          5%          3
 Teleport Other           Tloc           21%          5%          3
 Ensorcelled Hibernation  Hex/Ice        18%          14%         2
 Confusing Touch          Hex            9%           28%         3
 Dazzling Flash           Conj/Hex       18%          28%         3
 Tukima's Dance           Hex            9%           28%         3


Dungeon Overview and Level Annotations

Branches:
Dungeon (3/15)

Altars:


Innate Abilities, Weirdness & Mutations

Your experience applies equally to all skills.
You have very sharp teeth.
Your uncanny sense of smell can sniff out nearby items.


Message History

The orc wizard is moderately wounded.
The orc misses you.
The orc wizard gestures at you while chanting.
The puff of frost hits you.
You barely miss the orc wizard.
The orc wizard is moderately wounded.
The orc hits you with a +0 vorpal flail.
The orc wizard casts a spell at you. The puff of flame hits you!
You hit the orc wizard.
The orc wizard is severely wounded.
You whack the orc wizard!
You feel better.
You kill the orc wizard!
The orc hits you with a +0 vorpal flail!
* * * LOW HITPOINT WARNING * * *
x2 You hit the orc.
The orc is heavily wounded.
The orc hits you with a +0 vorpal flail.
* * * LOW HITPOINT WARNING * * *
You die...

#.# ###.# #)#
###...# ####
#.#####
#.....# ...#
#).)..#
###.#.#.##
##.# #)###.#
.......... #.#
#.# #.#
.##.#.#.## #>#
#.###.#####
.##.....# #.#
#.......o)#
.####.#### #.#
#####.###@# .#
#..<.. #.# #.#
#.# S# #####.
#.# #.# #.# .#
#.
##.#########.#
#.# .# #.
#............#
#.######.# #.
#..###########
#...)....# #.
#..#
########## #.
#..# #### # #.
#..###########
#.. .# #.


You could see an orc.

Vanquished Creatures
  An orc priest (D:3)
  3 orc wizards (D:3)
  Terence (D:2)
  Jessica (D:3)
  4 gnolls (D:3)
  6 adders
  An ooze (D:1)
  2 worms
  5 dart slugs
  4 leopard geckos
  6 orcs (D:3)
  3 giant cockroaches
  10 goblins
  13 hobgoblins
  7 jackals
  8 kobolds
  A ball python (D:2)
  10 bats
  3 frilled lizards
  5 rats
94 creatures vanquished.

Notes
Turn   | Place    | Note
-------+----------+-------------------------------------------
     0 | D:1      | Elvor the Gnoll Warper began the quest for the Orb.
     0 | D:1      | Reached XP level 1. HP: 20/20 MP: 6/6
    66 | D:1      | Reached XP level 2. HP: 22/26 MP: 7/7
    83 | D:1      | Learned a level 2 spell: Blink
   252 | D:1      | Reached XP level 3. HP: 31/31 MP: 9/9
   359 | D:1      | Reached skill level 5 in Spellcasting
   525 | D:2      | Reached skill level 1 in Invocations
   572 | D:2      | Noticed Terence
   586 | D:2      | Killed Terence
   587 | D:2      | Reached skill level 1 in Short Blades
   587 | D:2      | Reached skill level 1 in Long Blades
   587 | D:2      | Reached skill level 1 in Axes
   587 | D:2      | Reached skill level 1 in Polearms
   587 | D:2      | Reached skill level 1 in Staves
   587 | D:2      | Reached skill level 1 in Slings
   587 | D:2      | Reached skill level 1 in Bows
   587 | D:2      | Reached skill level 1 in Crossbows
   587 | D:2      | Reached skill level 1 in Stealth
   587 | D:2      | Reached skill level 1 in Shields
   587 | D:2      | Reached skill level 1 in Unarmed Combat
   587 | D:2      | Reached skill level 1 in Evocations
   587 | D:2      | Reached XP level 4. HP: 33/38 MP: 11/11
   806 | D:2      | Reached skill level 1 in Conjurations
   806 | D:2      | Reached skill level 1 in Hexes
   806 | D:2      | Reached skill level 1 in Summonings
   806 | D:2      | Reached skill level 1 in Necromancy
   806 | D:2      | Reached skill level 1 in Transmutations
   806 | D:2      | Reached skill level 1 in Fire Magic
   806 | D:2      | Reached skill level 1 in Ice Magic
   806 | D:2      | Reached skill level 1 in Air Magic
   806 | D:2      | Reached skill level 1 in Earth Magic
   806 | D:2      | Reached skill level 1 in Poison Magic
  1041 | D:2      | Reached XP level 5. HP: 43/43 MP: 12/12
  1226 | D:2      | Learned a level 4 spell: Passage of Golubria
  1416 | D:3      | Learned a level 1 spell: Corona
  1557 | D:3      | Noticed Jessica
  1559 | D:3      | Killed Jessica
  1597 | D:3      | Reached XP level 6. HP: 25/50 MP: 13/13
  1909 | D:3      | Reached skill level 5 in Fighting
  1909 | D:3      | Reached skill level 5 in Maces & Flails
  1909 | D:3      | Reached skill level 5 in Dodging
  2129 | D:3      | HP: 1/51 [orc/+0 vorpal flail (4)]
  2129 | D:3      | Slain by an orc

Illustrated notes

Levels and vault maps discovered:
D:1:      ebering_trefoil_3fold, layout_rooms, serial_bayou_pond_a,
          grunt_decor_cap
D:2:      layout_basic, uniq_terence
D:3:      layout_loops_ring, uniq_jessica

Skill      XL: |  1  2  3  4  5  6 |
---------------+-------------------+-----
Spellcasting   | 5 |  5.4
Invocations    | 1 2 |  2.3
Short Blades   | 1 2 |  2.1
Long Blades    | 1 2 |  2.1
Axes           | 1 2 |  2.1
Polearms       | 1 2 |  2.1
Staves         | 1 2 |  2.1
Slings         | 1 2 |  2.1
Bows           | 1 2 |  2.1
Crossbows      | 1 2 |  2.1
Stealth        | 1 2 |  2.1
Shields        | 1 2 |  2.1
Unarmed Combat | 1 2 |  2.1
Evocations     | 1 2 |  2.1
Conjurations   | 1 |  1.6
Hexes          | 1 |  1.6
Summonings     | 1 |  1.6
Necromancy     | 1 |  1.6
Transmutations | 1 |  1.6
Fire Magic     | 1 |  1.6
Ice Magic      | 1 |  1.6
Air Magic      | 1 |  1.6
Earth Magic    | 1 |  1.6
Poison Magic   | 1 |  1.6
Throwing       | 3 |  3.3
Armour         | 3 |  3.3
Fighting       | 5 |  5.0
Maces & Flails | 5 |  5.0
Dodging        | 5 |  5.0
Translocations | |  5.7

Action                   |  1- 3 |  4- 6 || total
-------------------------+-------+-------++-------
Melee: Mace              |    14 |       ||    14
       Bite              |     7 |    28 ||    35
       Whip              |    70 |   246 ||   316
       Punch             |       |     4 ||     4
Throw: Stone             |     4 |       ||     4
       Boomerang         |     8 |    11 ||    19
Evoke: Wand              |       |     2 ||     2
 Stab: Sleeping          |     2 |     3 ||     5
Armor: Leather armour    |    13 |    39 ||    52
Dodge: Dodged            |    55 |   134 ||   189
